3L
LAS VEGAS FLAMINGOS @ ROCKY MOUNTAIN NUGGETS
08/16/2025
 
TOP OF THE 1ST
Las Vegas Flamingos batting - Pitching for Rocky Mountain Nuggets : RHP Hunter Wilson
Pitching: RHP Hunter Wilson
Batting: LHB Sinclair van Kooten 0-0: Called Strike
0-1: Ball
1-1: SINGLE (Line Drive, 9LS)
Batting: RHB Xavier Hernández 0-0: Fly out, F7 (Flyball, 7)
Batting: LHB Victor Adams 0-0: Foul Ball, location: 2F
0-1: Ball
1-1: Ball
2-1: Fly out, F7 (Flyball, 7)
Batting: LHB Chris McKinney 0-0: Called Strike
Sinclair van Kooten steals 2nd base
0-1: Foul Ball, location: 2F
0-2: Ball
1-2: Ball
2-2: Foul Ball, location: 2F
2-2: Ball
3-2: Base on Balls
Batting: RHB Sake van Arem 0-0: Ball
1-0: Called Strike
1-1: Foul Ball, location: 2F
1-2: Ground out 6-3 (Groundball, 6S)
Top of the 1st over - 0 run(s), 1 hit(s), 0 error(s), 2 left on base; Las Vegas 0 - Rocky Mountain 0
BOTTOM OF THE 1ST
Rocky Mountain Nuggets batting - Pitching for Las Vegas Flamingos : RHP Cris Herrera
Pitching: RHP Cris Herrera
Batting: LHB Juan Ríos 0-0: Called Strike
0-1: Fly out, F9 (Flyball, 9)
Batting: LHB Randy Bowen 0-0: Ball
1-0: Foul Ball, location: 2F
1-1: Swinging Strike
1-2: Foul Ball, location: 2F
1-2: Strikes out swinging
Batting: LHB Javier Sánchez 0-0: Foul Ball, location: 2F
0-1: SINGLE (Line Drive, 8RS)
Batting: RHB Andrés Rodríguez 0-0: Called Strike
0-1: Foul Ball, location: 2F
0-2: Foul Ball, location: 2F
0-2: Ball
1-2: Strikes out looking
Bottom of the 1st over - 0 run(s), 1 hit(s), 0 error(s), 1 left on base; Las Vegas 0 - Rocky Mountain 0
TOP OF THE 2ND
Las Vegas Flamingos batting - Pitching for Rocky Mountain Nuggets : RHP Hunter Wilson
Batting: RHB Jeff Young 0-0: Swinging Strike
0-1: Called Strike
0-2: Ball
1-2: Ball
2-2: Foul Ball, location: 2F
2-2: Foul Ball, location: 2F
2-2: SINGLE (Line Drive, 6MD)
Batting: LHB Jake Shelton 0-0: Ball
1-0: Called Strike
1-1: Swinging Strike
1-2: Ball
2-2: Ball
3-2: Base on Balls
Jeff Young to second
Batting: SHB Kunimichi Chikafuji 0-0: Called Strike
0-1: SINGLE (Groundball, 34S) (infield hit)
Jeff Young to third
Jake Shelton to second
Batting: RHB Edmund Gallagher 0-0: Ball
1-0: Foul Ball, location: 2F
1-1: Swinging Strike
1-2: Grounds into double play, 6-4-3 (Groundball, 6)
Jeff Young scores
Jake Shelton to third
Batting: LHB Sinclair van Kooten 0-0: Ball
1-0: Ball
2-0: Foul Ball, location: 2F
2-1: Swinging Strike
2-2: Ground out U3 (Groundball, 3)
Top of the 2nd over - 1 run(s), 2 hit(s), 0 error(s), 1 left on base; Las Vegas 1 - Rocky Mountain 0
BOTTOM OF THE 2ND
Rocky Mountain Nuggets batting - Pitching for Las Vegas Flamingos : RHP Cris Herrera
Batting: RHB Javier Martínez 0-0: Foul Ball, location: 2F
0-1: Ball
1-1: Swinging Strike
1-2: Strikes out swinging
Batting: RHB Michael Riley 0-0: Called Strike
0-1: Foul Ball, location: 2F
0-2: Ball
1-2: Foul Ball, location: 2F
1-2: Ball
2-2: Foul Ball, location: 2F
2-2: Fly out, F8 (Flyball, 89S)
Batting: RHB Paul Smith 0-0: Foul Ball, location: 2F
0-1: Ball
1-1: Ball
2-1: Foul Ball, location: 2F
2-2: Strikes out looking
Bottom of the 2nd over - 0 run(s), 0 hit(s), 0 error(s), 0 left on base; Las Vegas 1 - Rocky Mountain 0
TOP OF THE 3RD
Las Vegas Flamingos batting - Pitching for Rocky Mountain Nuggets : RHP Hunter Wilson
Batting: RHB Xavier Hernández 0-0: Called Strike
0-1: Ball
1-1: Foul Ball, location: 2F
1-2: Fly out, F9 (Flyball, 9LS)
Batting: LHB Victor Adams 0-0: Ball
1-0: Fly out, F8 (Flyball, 89D)
Batting: LHB Chris McKinney 0-0: Called Strike
0-1: Foul Ball, location: 2F
0-2: SINGLE (Groundball, 34D)
Batting: RHB Sake van Arem 0-0: Ball
1-0: Ball
2-0: Called Strike
2-1: Called Strike
2-2: Fielders Choice at 2nd, 6-4 (Groundball, 6)
Top of the 3rd over - 0 run(s), 1 hit(s), 0 error(s), 0 left on base; Las Vegas 1 - Rocky Mountain 0
BOTTOM OF THE 3RD
Rocky Mountain Nuggets batting - Pitching for Las Vegas Flamingos : RHP Cris Herrera
Batting: RHB Gary Chalmers 0-0: Ball
1-0: Foul Ball, location: 2F
1-1: Ball
2-1: Foul Ball, location: 2F
2-2: Foul Ball, location: 2F
2-2: Foul Ball, location: 2F
2-2: Strikes out swinging
Batting: RHB Mark Melton 0-0: Foul Ball, location: 2F
0-1: Fly out, F7 (Flyball, 78S)
Batting: LHB Juan Ríos 0-0: Ball
1-0: Ball
2-0: Ball
3-0: Called Strike
3-1: Fly out, F8 (Flyball, 8RD)
Bottom of the 3rd over - 0 run(s), 0 hit(s), 0 error(s), 0 left on base; Las Vegas 1 - Rocky Mountain 0
TOP OF THE 4TH
Las Vegas Flamingos batting - Pitching for Rocky Mountain Nuggets : RHP Hunter Wilson
Batting: RHB Jeff Young 0-0: Called Strike
0-1: Ball
1-1: Foul Ball, location: 2F
1-2: Ball
2-2: Strikes out swinging
Batting: LHB Jake Shelton 0-0: Foul Ball, location: 2F
0-1: Swinging Strike
0-2: Strikes out swinging
Batting: SHB Kunimichi Chikafuji 0-0: Called Strike
0-1: Ball
1-1: Fly out, F6 (Popup, 6D)
Top of the 4th over - 0 run(s), 0 hit(s), 0 error(s), 0 left on base; Las Vegas 1 - Rocky Mountain 0
BOTTOM OF THE 4TH
Rocky Mountain Nuggets batting - Pitching for Las Vegas Flamingos : RHP Cris Herrera
Batting: LHB Randy Bowen 0-0: Fly out, F8 (Line Drive, 8RS)
Batting: LHB Javier Sánchez 0-0: Called Strike
0-1: Called Strike
0-2: Strikes out swinging
Batting: RHB Andrés Rodríguez 0-0: Called Strike
0-1: Called Strike
0-2: Ball
1-2: SINGLE (Groundball, 4MD)
Batting: RHB Javier Martínez 0-0: Foul Ball, location: 2F
0-1: Called Strike
0-2: Ball
1-2: Ground out 4-3 (Groundball, 4)
Bottom of the 4th over - 0 run(s), 1 hit(s), 0 error(s), 1 left on base; Las Vegas 1 - Rocky Mountain 0
TOP OF THE 5TH
Las Vegas Flamingos batting - Pitching for Rocky Mountain Nuggets : RHP Hunter Wilson
Batting: RHB Edmund Gallagher 0-0: Ball
1-0: Swinging Strike
1-1: Foul Ball, location: 2F
1-2: Foul Ball, location: 2F
1-2: Ball
2-2: Ground out U3 (Groundball, 3)
Batting: LHB Sinclair van Kooten 0-0: Ball
1-0: SINGLE (Line Drive, 56D)
Batting: RHB Xavier Hernández 0-0: Foul Ball, location: 2F
0-1: Ball
1-1: Ball
2-1: Ball
Sinclair van Kooten steals 2nd base
3-1: Ground out 5-3 (Groundball, 5)
Batting: LHB Victor Adams 0-0: Ball
1-0: Foul Ball, location: 2F
1-1: Ball
2-1: 2-RUN HOME RUN (Flyball, 89XD), Distance : 431 ft
Batting: LHB Chris McKinney 0-0: Foul Ball, location: 2F
0-1: Ball
1-1: Swinging Strike
1-2: Foul Ball, location: 2F
1-2: Strikes out looking
Top of the 5th over - 2 run(s), 2 hit(s), 0 error(s), 0 left on base; Las Vegas 3 - Rocky Mountain 0
BOTTOM OF THE 5TH
Rocky Mountain Nuggets batting - Pitching for Las Vegas Flamingos : RHP Cris Herrera
Batting: RHB Michael Riley 0-0: Ball
1-0: Ball
2-0: Foul Ball, location: 2F
2-1: Ball
3-1: Foul Ball, location: 2F
3-2: Base on Balls
Batting: RHB Paul Smith 0-0: Foul Ball, location: 2F
0-1: Foul Ball, location: 2F
0-2: Strikes out looking
Batting: RHB Gary Chalmers 0-0: Fly out, F4 (Popup, 3L)
Batting: RHB Mark Melton 0-0: Foul Ball, location: 2F
0-1: Foul Ball, location: 2F
0-2: Ball
1-2: Foul Ball, location: 2F
1-2: Strikes out swinging, 2-3 out at first.
Bottom of the 5th over - 0 run(s), 0 hit(s), 0 error(s), 1 left on base; Las Vegas 3 - Rocky Mountain 0
TOP OF THE 6TH
Las Vegas Flamingos batting - Pitching for Rocky Mountain Nuggets : RHP Hunter Wilson
Batting: RHB Sake van Arem 0-0: Ball
1-0: Ball
2-0: Called Strike
2-1: Foul Ball, location: 2F
2-2: Foul Ball, location: 2F
2-2: SINGLE (Line Drive, 8RS)
Batting: RHB Jeff Young 0-0: Bunt missed!
0-1: Ball
1-1: Bunted foul
1-2: Strikes out swinging
Pitching: RHP Jorge Garza
Batting: LHB Jake Shelton 0-0: Called Strike
0-1: Ball
1-1: Ball
2-1: Ball
3-1: Base on Balls
Sake van Arem to second
Batting: SHB Kunimichi Chikafuji 0-0: Fly out, F8 (Flyball, 8RM)
Batting: RHB Edmund Gallagher 0-0: Ball
1-0: SINGLE (Flyball, 9LS)
Sake van Arem to third
Jake Shelton to second
Runner from 3rd tries for Home, SAFE, throw made at trailing runner, SAFE at third!
Batting: LHB Sinclair van Kooten 0-0: Foul Ball, location: 2F
0-1: Foul Ball, location: 2F
0-2: Ball
1-2: Ball
2-2: Fielders Choice at 2nd, 4-6 (Groundball, 4)
Top of the 6th over - 1 run(s), 2 hit(s), 0 error(s), 1 left on base; Las Vegas 4 - Rocky Mountain 0
BOTTOM OF THE 6TH
Rocky Mountain Nuggets batting - Pitching for Las Vegas Flamingos : RHP Cris Herrera
Batting: LHB Juan Ríos 0-0: Ball
1-0: Ball
2-0: Called Strike
2-1: Ball
3-1: Ground out U3 (Groundball, 34)
Batting: LHB Randy Bowen 0-0: Called Strike
0-1: Called Strike
0-2: Ball
1-2: Strikes out swinging
Batting: LHB Javier Sánchez 0-0: Called Strike
0-1: Ball
1-1: Foul Ball, location: 2F
1-2: Strikes out swinging
Bottom of the 6th over - 0 run(s), 0 hit(s), 0 error(s), 0 left on base; Las Vegas 4 - Rocky Mountain 0
TOP OF THE 7TH
Las Vegas Flamingos batting - Pitching for Rocky Mountain Nuggets : RHP Jorge Garza
Batting: RHB Xavier Hernández 0-0: Foul Ball, location: 2F
0-1: Ball
1-1: Called Strike
1-2: Strikes out swinging
Batting: LHB Victor Adams 0-0: Ball
1-0: Swinging Strike
1-1: Ground out 4-3 (Groundball, 4MS)
Batting: LHB Chris McKinney 0-0: Called Strike
0-1: Fly out, F7 (Flyball, 7)
Top of the 7th over - 0 run(s), 0 hit(s), 0 error(s), 0 left on base; Las Vegas 4 - Rocky Mountain 0
BOTTOM OF THE 7TH
Rocky Mountain Nuggets batting - Pitching for Las Vegas Flamingos : RHP Cris Herrera
Batting: RHB Andrés Rodríguez 0-0: Foul Ball, location: 2F
0-1: Foul Ball, location: 2F
0-2: Ball
1-2: SINGLE (Line Drive, 56D)
Batting: RHB Javier Martínez 0-0: Fly out, F4 (Popup, 4)
Batting: RHB Michael Riley 0-0: Ball
Andrés Rodríguez is caught stealing 2nd base
1-0: Called Strike
1-1: Foul Ball, location: 2F
1-2: Ground out 6-3 (Groundball, 6)
Bottom of the 7th over - 0 run(s), 1 hit(s), 0 error(s), 0 left on base; Las Vegas 4 - Rocky Mountain 0
TOP OF THE 8TH
Las Vegas Flamingos batting - Pitching for Rocky Mountain Nuggets : RHP Jorge Garza
Batting: RHB Sake van Arem 0-0: Ball
1-0: Called Strike
1-1: Ball
2-1: Foul Ball, location: 2F
2-2: Ball
3-2: Foul Ball, location: 2F
3-2: Base on Balls
Batting: RHB Jeff Young 0-0: Called Strike
Sake van Arem steals 2nd base
0-1: Ground out 6-3 (Groundball, 6)
Batting: LHB Jake Shelton 0-0: Called Strike
0-1: Foul Ball, location: 2F
0-2: Ball
1-2: Foul Ball, location: 2F
1-2: Ball
Wild Pitch!
Sake van Arem to third
2-2: Ball
3-2: Ground out U3 (Groundball, 3)
Batting: SHB Kunimichi Chikafuji 0-0: Foul Ball, location: 2F
0-1: Fly out, F9 (Flyball, 89D)
Top of the 8th over - 0 run(s), 0 hit(s), 0 error(s), 1 left on base; Las Vegas 4 - Rocky Mountain 0
BOTTOM OF THE 8TH
Rocky Mountain Nuggets batting - Pitching for Las Vegas Flamingos : RHP Cris Herrera
Batting: RHB Paul Smith 0-0: Called Strike
0-1: Ball
1-1: Swinging Strike
1-2: Foul Ball, location: 2F
1-2: Ball
2-2: Strikes out swinging
Batting: RHB Gary Chalmers 0-0: Called Strike
0-1: Swinging Strike
0-2: Ball
1-2: Strikes out swinging
Batting: RHB Mark Melton 0-0: Called Strike
0-1: Foul Ball, location: 2F
0-2: Foul Ball, location: 2F
0-2: Ball
1-2: Foul Ball, location: 2F
1-2: Ball
2-2: Ball
3-2: Foul Ball, location: 2F
3-2: Strikes out swinging
Bottom of the 8th over - 0 run(s), 0 hit(s), 0 error(s), 0 left on base; Las Vegas 4 - Rocky Mountain 0
TOP OF THE 9TH
Las Vegas Flamingos batting - Pitching for Rocky Mountain Nuggets : RHP Jorge Garza
Batting: RHB Edmund Gallagher 0-0: Ball
1-0: Ball
2-0: Ball
3-0: Base on Balls
Batting: LHB Sinclair van Kooten 0-0: SINGLE (Line Drive, 4D)
Edmund Gallagher to second
Batting: RHB Xavier Hernández 0-0: Bunted foul
0-1: Sac Bunt - play at first, batter OUT! 5-4
Edmund Gallagher to third
Sinclair van Kooten to second
Batting: LHB Victor Adams 0-0: Ball
1-0: Called Strike
1-1: Ball
2-1: Foul Ball, location: 2F
2-2: Ball
3-2: Foul Ball, location: 2F
3-2: Foul Ball, location: 2F
3-2: Ground out 4-3 (Groundball, 4)
Edmund Gallagher scores
Sinclair van Kooten to third
Pitching: LHP Kaluka Wene
Batting: LHB Chris McKinney 0-0: Ball
1-0: Swinging Strike
1-1: Ball
2-1: Fly out, F8 (Flyball, 8RM)
Top of the 9th over - 1 run(s), 1 hit(s), 0 error(s), 1 left on base; Las Vegas 5 - Rocky Mountain 0
BOTTOM OF THE 9TH
Rocky Mountain Nuggets batting - Pitching for Las Vegas Flamingos : RHP Cris Herrera
Pitching: RHP John Brown
Now in LF: Terry Sylvester
Batting: LHB Juan Ríos 0-0: Ball
1-0: Ground out 4-3 (Groundball, 4)
Batting: LHB Randy Bowen 0-0: Ball
1-0: Foul Ball, location: 2F
1-1: Swinging Strike
1-2: Strikes out looking
Batting: LHB Javier Sánchez 0-0: Called Strike
0-1: Ball
1-1: Swinging Strike
1-2: Ball
2-2: Foul Ball, location: 2F
2-2: Fly out, F4 (Line Drive, 4M)
Bottom of the 9th over - 0 run(s), 0 hit(s), 0 error(s), 0 left on base; Las Vegas 5 - Rocky Mountain 0
Friday, December 30th, 2016 - OOTP Baseball 17.12 Build 75